 Seeded DCSS version 0.28-a0-1447-ga5a8893891 (webtiles) character file.

Game seed: 20220111 (custom seed)

184 flotson the Ducker (level 5, -1/41 HPs)
             Began as a Demonspawn Gladiator on Jan 11, 2022.
             Succumbed to a scorpion's poison
             ... on level 4 of the Dungeon.
             The game lasted 00:04:00 (3760 turns).

flotson the Ducker (Demonspawn Gladiator)           Turns: 3760, Time: 00:04:01

Health: -1/41      AC: 11    Str: 16    XL:     5   Next: 36%
Magic:  5/5        EV:  9    Int:  9    God:
Gold:   79         SH:  0    Dex: 15    Spells: 4/4 levels left

rFire   . . .      SeeInvis .   k - +0 trident
rCold   . . .      Faith    .   n - orb {mayhem}
rNeg    + . .      Spirit   .   o - +0 storm dragon scales
rPois   .          Reflect  .   c - +0 helmet
rElec   +          Harm     .   (no cloak)
rCorr   .          Rampage  .   (no gloves)
Will    .....                   (no boots)
Stlth   ..........              (no amulet)
HPRegen 0.13/turn               i - ring of positive energy
MPRegen 0.09/turn               (no ring)

@: lethally poisoned (-1 -> -8), attractive
A: claws 1, repulsion field 1, powered by death 1
a: no special abilities


You were on level 4 of the Dungeon.
You visited 1 branch of the dungeon, and saw 4 of its levels.

You collected 79 gold pieces.

Inventory:

Hand Weapons
 a - a +0 war axe
 k - a +0 trident (weapon)
Missiles
 d - 5 throwing nets (quivered)
Armour
 c - a +0 helmet (worn)
 n - an orb of mayhem (worn)
 o - +0 storm dragon scales (worn)
Jewellery
 i - a ring of positive energy (left claw)
Scrolls
 b - a scroll of fear {unknown}
 f - 4 scrolls of identify {unknown}
 m - a scroll of fog {unknown}
Potions
 e - a potion of cancellation
 j - a potion of magic {unknown}
 l - a potion of ambrosia {unknown}


   Skills:
 + Level 3.0 Fighting
 + Level 3.4 Axes
 + Level 2.7 Throwing
 + Level 1.8 Armour
 + Level 3.4 Dodging


You had 4 spell levels left.
You didn't know any spells.
Your spell library contained the following spells:

 Spells                   Type           Power      Damage    Failure   Level
 Corpse Rot               Necr/Air       0%         N/A       100%        2
 Poisonous Vapours        Pois/Air       0%         N/A       100%        2
 Frozen Ramparts          Ice            0%         1d2       100%        3
 Airstrike                Air            0%         N/A       100%        4
 Ice Form                 Ice/Tmut       0%         N/A       100%        4
 Summon Ice Beast         Ice/Summ       0%         N/A       100%        4
 Summon Lightning Spire   Summ/Air       0%         N/A       100%        4
 Lightning Bolt           Conj/Air       0%         1d11      100%        5


Dungeon Overview and Level Annotations

Branches:
Dungeon (4/15)
 Temple: D:4-7

Altars:

Shops:
D:3 :

Portals:
Sewer: D:4

Annotations:
D:3 2 transporters, hashsling's ghost, amateur KoDe


Innate Abilities, Weirdness & Mutations

You have sharp fingernails.
You are surrounded by a mild repulsion field. (EV +2)
You regenerate a little health from kills.


Message History

The worm is almost dead.
The worm bites you.
You hit the worm.
The worm is almost dead.
The worm bites you! x2
* * * LOW HITPOINT WARNING * * *
You hit the worm.
The worm is almost dead.
The worm bites you.
* * * LOW HITPOINT WARNING * * *
You hit the worm but do no damage.
The worm is severely wounded.
The worm bites you but does no damage.
The worm is no longer moving quickly.
The worm no longer looks unusually strong.
The worm is no longer in an insane frenzy.
You see here 12 stones.
Found a scroll labelled QOSMYS JUNT.
A necrophage comes into view.
Found a stone staircase leading down.
You hear the rusting of a drain very nearby.
Found 2 throwing nets.
Found a glowing drain.
A scorpion comes into view.
You enter the shallow water.
Moving in this stuff is going to be slow.
The scorpion stings you.
* * * LOW HITPOINT WARNING * * *
You are lethally poisoned!
The scorpion poisons you!
It was a potion of cancellation.
You feel magically purged.
* * * LOW HITPOINT WARNING * * *
You feel very sick.
The scorpion splashes around in the water.
* * * LOW HITPOINT WARNING * * *
You feel sick.
There is a glowing drain here.
It was a potion of attraction.
You feel attractive to monsters.
You die...

#. #.#.# ##.#.###.
#..#####.#.###..#.....
#..>.................
#... ....#..#...#..##
..
###...##....(.≈≈≈≈≈....
#...
.......###.#≈≈≈≈≈≈≈#.#.
.#.#.###
#.#.......≈≈n≈≈≈≈≈≈...
........
#..........≈≈s@≈≈≈....
#......
#.....###..≈≈≈≈≈≈≈..##
#..... #..#..#
#.#≈≈≈≈≈≈≈#... .##.....
#.....# #...≈≈≈≈≈...##
........ #.#...#
##..#≈..#....# ...#+#'
#.....# ##.†).......#
#.#.
#.##..#####.#..#......
#.#.
#........w.)..##.......
#... #.#.....###.####
..... #...


You could see a necrophage and a scorpion.

Vanquished Creatures
  A hound (D:3)
  An orc priest (D:3)
  5 adders
  An ufetubus (D:3)
  A dart slug (D:3)
  9 orcs
  8 endoplasms
  A giant cockroach (D:3)
  5 goblins
  3 hobgoblins
  4 kobolds
  2 quokkas (D:1)
  6 ball pythons
  6 bats
  5 frilled lizards
  5 rats
63 creatures vanquished.

Vanquished Creatures (collateral kills)
  A giant cockroach (D:4)
1 creature vanquished.

Grand Total: 64 creatures vanquished

Notes
Turn   | Place    | Note
-------+----------+-------------------------------------------
     0 | D:1      | flotson the Demonspawn Gladiator began the quest for the
                  | Orb.
     0 | D:1      | Reached XP level 1. HP: 16/16 MP: 1/1
   503 | D:1      | Gained mutation: You are surrounded by a mild repulsion
                  | field. (EV +2) [demonic ancestry]
   503 | D:1      | Reached XP level 2. HP: 22/22 MP: 2/2
   859 | D:1      | Found a faded altar of an unknown god.
  1313 | D:2      | You fall into a shaft and drop 1 floor!
  1313 | D:3      | Noticed hashsling's ghost (amateur KoDe)
  1313 | D:3      | Found a transporter.
  1321 | D:3      | Gained mutation: You regenerate a little health from kills.
                  | [demonic ancestry]
  1321 | D:3      | Reached XP level 3. HP: 28/28 MP: 3/3
  1382 | D:3      | Found a transporter.
  1460 | D:3      | Reached skill level 1 in Armour
  1478 | D:3      | Reached XP level 4. HP: 22/34 MP: 4/4
  3246 | D:3      | Found Yneniu's Book Shop.
  3438 | D:3      | Gained mutation: You have sharp fingernails. [demonic
                  | ancestry]
  3438 | D:3      | Reached XP level 5. HP: 33/40 MP: 5/5
  3747 | D:4      | Noticed a necrophage
  3751 | D:4      | Found a glowing drain.
  3759 | D:4      | HP: 1/41 [poisoned by a scorpion]
  3760 | D:4      | Succumbed to a scorpion's poison

Illustrated notes

Levels and vault maps discovered:
D:1:      dpeg_arrival_more_subterranean_lakeside_camping, layout_basic,
          dreamdust_ecumenical_altar_statues
D:2:      layout_basic
D:3:      layout_loops_cross, gammafunk_ghost_arena, serial_shops,
          nicolae_lakefront_shop, serial_glass, glass_columns_a,
          glass_columns_a, glass_columns_b, glass_columns_a, glass_columns_b,
          glass_columns_b, glass_columns_a, glass_columns_a,
          kennysheep_generic_room_8
D:4:      layout_basic, cheibrodos_sewer_entry_drain, roderic_lattice_a,
          bh_walls_and_bars

Skill      XL: |  1  2  3  4  5 |
---------------+----------------+-----
Throwing       | 2 |  2.7
Dodging        | 3 |  3.4
Axes           | 3 |  3.4
Armour         | 1 |  1.8
Fighting       | 3 |  3.0

Action                   |  1- 3 |  4- 6 || total
-------------------------+-------+-------++-------
Melee: War axe           |    65 |    46 ||   111
       Punch             |     1 |       ||     1
       Trident           |       |    79 ||    79
  Use: Potion            |       |     2 ||     2
Armor: Leather armour    |     6 |       ||     6
       Ring mail         |    29 |    44 ||    73
       Storm dragon scal |       |    14 ||    14
Dodge: Dodged            |    53 |   130 ||   183

Table legend: (Time is in decaauts)
 A = Elapsed time spent in this place.
 B = Non-inter-level travel time spent in this place.
 C = Inter-level travel time spent in this place.
 D = Time resting spent in this place.
 E = Time spent auto-exploring this place.
 F = Levels seen in this place.
 G = Mean time per level.
                   A        B        C        D        E       F      G
               +--------+--------+--------+--------+--------+-----+--------+
         Total |   3818 |   3704 |    114 |     66 |   3018 |   4 |  954.5 |
       Dungeon |   3818 |   3704 |    114 |     66 |   3018 |   4 |  954.5 |
               +--------+--------+--------+--------+--------+-----+--------+

Top non-repeatable levels by time:
     D:1: 1326 daAuts
     D:3: 1148 daAuts
     D:2: 1089 daAuts
     D:4: 253 daAuts
